 Dungeon Crawl Stone Soup version 0.22-a0-166-g5351223 (webtiles) character file.

499 Azzok the Magician (level 6, -3/32 HPs)
             Began as a Deep Elf Ice Elementalist on Feb 13, 2018.
             Was an Initiate of Vehumet.
             Slain by an ogre
             ... wielding a +0 giant spiked club
              (10 damage)
             ... on level 5 of the Dungeon.
             The game lasted 00:13:25 (5388 turns).

Azzok the Magician (Deep Elf Ice Elementalist)      Turns: 5388, Time: 00:13:25

Health: -3/32      AC: 10    Str:  5    XL:     6   Next: 94%
Magic:  10/17      EV: 13    Int: 22    God:    Vehumet [......]
Gold:   179        SH:  0    Dex: 15    Spells: 6/18 levels left

rFire    + . .     SeeInvis .   B - -2 mace (curse)
rCold    + . .     Gourm    +   (no shield)
rNeg     . . .     Faith    .   a - +0 robe
rPois    .         Spirit   .   p - +0 helmet (curse)
rElec    .         Reflect  .   e - scarf {rC+ rF+}
rCorr    .         Harm     .   h - +0 pair of gloves
MR       +....                  (no boots)
Stlth    ++........             r - amulet of the gourmand
HPRegen  0.10/turn              A - ring of protection from magic
MPRegen  0.15/turn              (no ring)

@: icy armour, slow
A: no striking features
a: Renounce Religion


You were on level 5 of the Dungeon.
You worshipped Vehumet.
Vehumet was noncommittal.
You were very full.

You visited 2 branches of the dungeon, and saw 6 of its levels.

You collected 179 gold pieces.

Inventory:

Hand Weapons
 B - a cursed -2 mace (weapon)
Armour
 a - a +0 robe (worn)
 e - a scarf of resistance (worn)
 h - a +0 pair of gloves (worn)
 p - a cursed +0 helmet (worn)
Jewellery
 r - an amulet of the gourmand (around neck)
 A - a ring of protection from magic (left hand)
Wands
 y - a wand of paralysis (14)
Scrolls
 d - 4 scrolls of amnesia
 g - a scroll of enchant armour
 j - 2 scrolls of fog
 m - 2 scrolls of fear
 n - 4 scrolls of teleportation
 q - a scroll of enchant weapon {unknown}
 s - 2 scrolls of blinking {unknown}
 w - a scroll of immolation {unknown}
 x - a scroll of remove curse {unknown}
Potions
 i - a potion of might {unknown}
 k - a potion of cancellation {unknown}
 o - 3 potions of curing {unknown}
 t - a potion of brilliance {unknown}
 u - a potion of magic {unknown}
 v - 2 potions of haste {unknown}
 z - a potion of ambrosia {unknown}
Books
 b - a book of Frost

   Spells                             Type                      Level
   a - Freeze                         Ice                          1
   b - Throw Frost                    Conjuration/Ice              2
   c - Ozocubu's Armour               Charms/Ice                   3
   d - Throw Icicle                   Conjuration/Ice              4
   e - Summon Ice Beast               Ice/Summoning                4
 l - a book of Changes

   Spells                             Type                      Level
   a - Beastly Appendage              Transmutation                1
   b - Sticks to Snakes               Transmutation                2
   c - Spider Form                    Transmutation/Poison         3
   d - Ice Form                       Ice/Transmutation            4
   e - Blade Hands                    Transmutation                5
Comestibles
 c - 3 rations


   Skills:
 - Level 2.4 Dodging
 - Level 2.4 Stealth
 + Level 6.6 Spellcasting
 + Level 2.7 Conjurations
 + Level 2.3 Summonings
 + Level 6.0 Ice Magic


You had 6 spell levels left.
You knew the following spells:

 Your Spells              Type           Power        Failure   Level  Hunger
a - Freeze                Ice            ####         1%          1    None
b - Ozocubu's Armour      Chrm/Ice       ###.....     8%          3    #......
c - Throw Icicle          Conj/Ice       ####....     14%         4    ###....
d - Summon Ice Beast      Ice/Summ       ####....     16%         4    ###....


Dungeon Overview and Level Annotations

Branches:
Dungeon (5/15)             Temple (1/1) D:4

Altars:
Ashenzari
Gozag
Hepliaklqana
Kikubaaqudgha
Makhleb
Nemelex Xobeh
Okawaru
Qazlal
Ru
Uskayaw
Vehumet
Wu Jian
Xom

Annotations:
D:4 Graouh's ghost, amateur MiFi


Message History

The ogre hits you with a giant spiked club!
Unknown command.
Casting: Ozocubu's Armour (safe; 8% risk of failure)
Confirm with . or Enter, or press ? or * to list all spells.
Aiming: Freeze (safe; 1% risk of failure)
Press: ? - help, Shift-Dir - straight line, f - ogre
Aim: an ogre, wielding a giant spiked club You freeze the ogre.
The ogre is moderately wounded.
The ogre hits you with a giant spiked club!
* * * LOW HITPOINT WARNING * * *
Casting: Freeze (safe; 1% risk of failure)
Confirm with . or Enter, or press ? or * to list all spells.
Aiming: Freeze (safe; 1% risk of failure)
Press: ? - help, Shift-Dir - straight line, f/p - ogre
Aim: an ogre, wielding a giant spiked club (moderately wounded)
You freeze the ogre.
The ogre is heavily wounded.
The ogre hits you with a giant spiked club!
You die...

▒[··▒ ▒▒▒·▒▒▒·▒▒▒· ▒···▒
▒······· ▒< ▒··(▒
▒·▒·▒▒·▒ ▒· ▒···▒
▒·▒·▒▒·▒▒▒▒· ▒▒▒▒▒▒▒···▒
▒·▒<·······[ ··········▒
▒·▒▒▒▒·▒▒▒▒▒ ······▒··▒
▒·▒▒▒▒······
)··▒▒····▒▒▒▒······▒·▒·▒
·······@······▒▒▒▒▒▒·▒·▒
···[····O▒▒▒▒·▒ ▒·▒··
▒··▒▒······ ···· ▒·▒▒▒
▒▒······▒▒··▒·▒▒·▒ ▒·▒
▒····▒▒ ··▒·▒ ▒ ▒··
▒▒··· ▒··▒·· ··▒ ▒ ▒·▒▒·
▒··▒·· ··▒ ·· ▒· · ···
··▒


You could see an ogre.

Vanquished Creatures
  A sky beast (D:5)
  An ogre (D:4)
  2 hounds
  3 worker ants
  Robin (D:2)
  5 adders
  2 oozes (D:3)
  10 dart slugs
  3 worms
  3 orcs
  4 giant cockroaches
  14 goblins
  17 hobgoblins
  2 jackals (D:2)
  A quokka (D:2)
  12 bats
  8 frilled lizards
  12 kobolds
  9 rats
110 creatures vanquished.

Notes
Turn   | Place    | Note
-------+----------+-------------------------------------------
     0 | D:1      | Azzok the Deep Elf Ice Elementalist began the quest for the Orb.
     0 | D:1      | Reached XP level 1. HP: 10/10 MP: 6/6
   219 | D:1      | Reached XP level 2. HP: 15/15 MP: 6/8
  1031 | D:2      | Reached XP level 3. HP: 19/19 MP: 8/10
  1060 | D:2      | Learned a level 3 spell: Ozocubu's Armour
  1503 | D:2      | Noticed Robin
  1517 | D:2      | Killed Robin
  1521 | D:2      | Reached XP level 4. HP: 15/24 MP: 1/12
  1807 | D:2      | Reached skill level 5 in Spellcasting
  2166 | D:3      | Reached skill level 5 in Ice Magic
  2210 | D:3      | Reached XP level 5. HP: 28/28 MP: 12/14
  2555 | D:3      | Learned a level 4 spell: Throw Icicle
  2560 | D:3      | Learned a level 4 spell: Summon Ice Beast
  3324 | D:4      | Noticed a phantom
  3698 | D:4      | Reached skill level 1 in Summonings
  3700 | D:4      | Noticed Graouh's ghost (amateur MiFi)
  3893 | D:4      | Reached XP level 6. HP: 28/32 MP: 11/17
  4196 | D:4      | Found an iron altar of Okawaru.
  4199 | D:4      | Found a stormy altar of Qazlal.
  4319 | D:5      | Entered Level 5 of the Dungeon
  4517 | D:4      | Found a staircase to the Ecumenical Temple.
  4524 | Temple   | Entered the Ecumenical Temple
  4576 | Temple   | Became a worshipper of Vehumet
  4712 | D:5      | Noticed a sky beast
  4724 | D:5      | Killed a sky beast
  5388 | D:5      | Slain by an ogre

Vault maps used:
D:1:      sevenhm_arrival_forest_fort_large_3, grunt_decor_mini_mirrors
D:2:      glass_columns_b, minmay_joined_circles, uniq_robin
D:3:      minmay_tree_intersection, bh_walls_and_bars
D:4:      kennysheep_slugbush, minitemple, minmay_temple_entry_nine_rooms
D:5:      tso_altar, first_ration, hangedman_abyss_or_decor_lesser_grid,
          uniq_pikel, uniq_grinder
Temple:   nicolae_temple_god_jail

Skill      XL: |  1  2  3  4  5  6 |
---------------+-------------------+-----
Ice Magic      | 4 5 6 |  6.0
Spellcasting   | 4 5 6 |  6.6
Summonings     | 1 2 |  2.3
Conjurations   | 2 |  2.7
Dodging        | |  2.4
Stealth        | |  2.4

Action                   |  1- 3 |  4- 6 || total
-------------------------+-------+-------++-------
Melee: Unarmed           |     6 |     4 ||    10
 Cast: Freeze            |    63 |   147 ||   210
       Ozocubu's Armour  |     1 |     5 ||     6
       Throw Icicle      |       |     5 ||     5
  Use: Scroll            |       |     5 ||     5
  Eat: Chunk             |     2 |    26 ||    28
Armor: Robe              |    10 |    34 ||    44
Dodge: Dodged            |    40 |    85 ||   125

Table legend:
 A = Spawn XP
 B = Non-spawn XP
 C = Spawn XP percentage of total XP
 D = Spawn monster count
 E = Non-spawn monster count
 F = Spawn count percentage of total count
 G = Total turns spent on level
                    A         B        C        D         E        F      G
               +---------+---------+-------+---------+---------+-------+---------
         Total |       0 |     714 |   0.0 |       0 |     110 |   0.0 |  5388
               +---------+---------+-------+---------+---------+-------+---------
           D:1 |       0 |      42 |   0.0 |       0 |      25 |   0.0 |  1101
           D:2 |       0 |     119 |   0.0 |       0 |      46 |   0.0 |  1051
           D:3 |       0 |     122 |   0.0 |       0 |      25 |   0.0 |  1717
           D:4 |       0 |     222 |   0.0 |       0 |      11 |   0.0 |  1102
           D:5 |       0 |     209 |   0.0 |       0 |       3 |   0.0 |   351
               +---------+---------+-------+---------+---------+-------+---------
